 Dungeon Crawl Stone Soup version 0.30.0-3-ga4e48a9924 (webtiles) character file.

Game seed: 17830875886983536892

11 browni3141 the Conjurer (level 2, -2/23 HPs)
             Began as a Ghoul Conjurer on May 7, 2023.
             Slain by a kobold
             ... wielding a +0 short sword
              (4 damage)
             ... on level 1 of the Dungeon.
             The game lasted 00:00:38 (305 turns).

browni3141 the Conjurer (Ghoul Conjurer)             Turns: 305, Time: 00:00:38

Health: -2/23      AC:  2    Str: 10    XL:     2   Next: 25%
Magic:  1/3        EV: 11    Int: 13    God:
Gold:   15         SH:  0    Dex:  7    Spells: 3/4 levels left

rFire   . .          .
                       - Unarmed
rCold   + . .        (no shield)
rNeg    + + +        a - +0 robe
rPois   ∞            (no helmet)
rElec   .            (no cloak)
rCorr   .            (no gloves)
SInv    .            (no boots)
Will    .....        (no amulet)
Stlth   ++           (no ring)
HPRegen 0.00/turn    (no ring)
MPRegen 0.08/turn

%: no passive effects
@: very slightly contaminated, inhibited regen
A: claws 1, cold resistance 1, negative energy resistance 3, inhibited
regeneration, torment resistance 2, devour on kill
a: no special abilities


You were on level 1 of the Dungeon.
You visited 1 branch of the dungeon, and saw 1 of its levels.

You collected 15 gold pieces.

Inventory:

Armour
 a - a +0 robe (worn)
Scrolls
 n - 4 scrolls of identify {unknown}
 o - a scroll of blinking {unknown}
Potions
 m - 2 potions of magic
 p - a potion of mutation {unknown}


   Skills:
 - Level 1.0 Fighting
 - Level 1.7 Dodging
 - Level 2.1 Stealth
 * Level 1.6 Unarmed Combat
 - Level 1.7 Spellcasting
 - Level 3.2 Conjurations


You had 3 spell levels left.
You knew the following spells:

 Your Spells              Type           Power      Damage    Failure   Level
a - Magic Dart            Conj           36%        1d4       7%          1

Your spell library contained the following spells:

 Spells                   Type           Power      Damage    Failure   Level
 Searing Ray              Conj           18%        2d5       11%         2
 Dazzling Flash           Conj/Hex       10%        N/A       38%         3
 Fulminant Prism          Conj/Hex       2%         3d5       80%         4
 Iskenderun's Mystic Bla  Conj/Tloc      5%         2d3       80%         4


Dungeon Overview and Level Annotations

Branches:
Dungeon (1/15)

Altars:


Innate Abilities, Weirdness & Mutations

You are immune to poison.
You have sharp fingernails.
Your flesh is cold resistant. (rC+)
You are immune to negative energy. (rN+++)
You do not regenerate when monsters are visible.
You are immune to unholy pain and torment.
You thrive by killing the living.


Message History

The quokka bites you.
* * * LOW HITPOINT WARNING * * *
You miss the quokka.
The quokka is almost dead.
The quokka barely misses you.
You scratch the quokka but do no damage.
The quokka is almost dead.
The quokka bites you but does no damage.
Aiming: Magic Dart (safe; 7% risk of failure)
Press: ? - help, Q - select action Shift-Dir - straight line, f - quokka
Aim: a quokka (almost dead, 100% to hit)
The magic dart hits the quokka.
You kill the quokka!
Unknown command.
You see here a +0 mace.
p - a ruby potion You now have 15 gold pieces.
An endoplasm comes into view.
The endoplasm quivers.
An endoplasm is nearby!
An endoplasm is nearby!
You barely miss the endoplasm. The endoplasm barely misses you.
You scratch the endoplasm.
You kill the endoplasm!
No target in view!
No target in view!
A giant cockroach comes into view.
A giant cockroach is nearby!
A giant cockroach is nearby!
A giant cockroach is nearby!
The giant cockroach bites you but does no damage.
You scratch the giant cockroach.
The giant cockroach is severely wounded.
The giant cockroach bites you but does no damage.
You scratch the giant cockroach but do no damage.
The giant cockroach is severely wounded.
The giant cockroach waves its antennae.
The giant cockroach barely misses you.
You closely miss the giant cockroach.
The giant cockroach is severely wounded.
The giant cockroach misses you.
You scratch the giant cockroach.
You kill the giant cockroach!
A rat comes into view.
A rat is nearby!
A rat is nearby!
A rat is nearby!
A kobold comes into view. It is wielding a +0 short sword.
The kobold shouts!
You barely miss the kobold. The kobold barely misses you.
You barely miss the kobold.
The kobold hits you with a +0 short sword.
The rat closely misses you.
You barely miss the kobold. The kobold barely misses you. The rat bites you.
You scratch the kobold but do no damage.
The kobold hits you with a +0 short sword.
The rat closely misses you.
You scratch the kobold.
The kobold is severely wounded.
The kobold hits you with a +0 short sword.
The rat misses you.
A giant cockroach comes into view.
You closely miss the kobold.
The kobold is severely wounded.
The kobold hits you with a +0 short sword.
The rat bites you.
You are too injured to fight recklessly!
You are too injured to fight recklessly!
You barely miss the kobold.
The kobold is severely wounded.
The kobold hits you with a +0 short sword.
* * * LOW HITPOINT WARNING * * *
The rat misses you.
Aiming: Magic Dart (safe; 7% risk of failure)
Press: ? - help, Q - select action Shift-Dir - straight line, f - kobold
Aim: a kobold, wielding a +0 short sword and quivering stones (moderately wounded, 100% to hit)
You miscast Magic Dart.
You are very lightly contaminated with residual magic.
Nothing appears to happen.
The kobold hits you with a +0 short sword.
* * * LOW HITPOINT WARNING * * *
The rat bites you but does no damage.
Aiming: Magic Dart (safe; 7% risk of failure)
Press: ? - help, Q - select action Shift-Dir - straight line, f/p - kobold
Aim: a kobold, wielding a +0 short sword and quivering stones (moderately wounded, 100% to hit)
The magic dart hits the kobold but does no damage.
The kobold is moderately wounded.
The kobold hits you with a +0 short sword.
* * * LOW HITPOINT WARNING * * *
The rat barely misses you.
Unknown command.
You scratch the rat.
The rat is moderately wounded.
The kobold hits you but does no damage. The rat bites you but does no damage.
You closely miss the rat. You claw the rat.
You kill the rat!
The giant cockroach bites you.
* * * LOW HITPOINT WARNING * * *
The kobold hits you with a +0 short sword.
You die...

..... .... .
#######... ..
..(......###.
............
..........#
......K.B.# #..@..#
#.....# .# #.....#
..# # #(....# #.#
.##.# #.....#
#.#...#.#
#.....######.#.#...#
#................#.#
......#........#.
#.# ###.#.#####....#
#.#


You could see a giant cockroach and a kobold.

Vanquished Creatures
  A dart slug (D:1)
  2 endoplasms (D:1)
  A giant cockroach (D:1)
  2 quokkas (D:1)
  A frilled lizard (D:1)
  2 rats (D:1)
9 creatures vanquished.

Notes
Turn   | Place    | Note
-------+----------+-------------------------------------------
     0 | D:1      | browni3141 the Ghoul Conjurer began the quest for the Orb.
     0 | D:1      | Reached XP level 1. HP: 14/14 MP: 2/2
   121 | D:1      | Reached XP level 2. HP: 18/23 MP: 3/3
   305 | D:1      | Slain by a kobold

Illustrated notes

Levels and vault maps discovered:
D:1:      erik_arrival_cave_to_civilisation [erik_arrival_cave_to_hall],
          layout_basic

Skill      XL: |  1 |
---------------+----+-----
Fighting       | 1 |  1.0
Unarmed Combat | 1 |  1.6
Dodging        | |  1.7
Stealth        | |  2.1
Spellcasting   | |  1.7
Conjurations   | |  3.2

Action                     || total
---------------------------++-------
  Melee: Unarmed           ||    45
         Punch             ||     1
   Cast: Magic Dart        ||     5
 Armour: Robe              ||     8
  Dodge: Dodged            ||    27
